[ AOE2 MATCH · #507987102 ]
UnrankedMagyars vs Poles
Player's team · LOSS
Rival team · WIN
[ REPLAY ANALYSIS · EXTRACTED FROM THE RECORDED GAME ]
Feudal
8:58
Castle
23:29
Imperial
—
| APM avg | 67.8 |
| APM peak | 113 |
| eAPM avg | 26.6 |
| Villagers / military | 94 / 90 |
Focus
⚔️ 51.2% · 🌾 48.8%
Cavalry Archer ×70 · Skirmisher ×7 · Scout Cavalry ×6 · Battering Ram ×5 · Spearman ×2
Feudal
10:08
Castle
28:19
Imperial
—
| APM avg | 40.9 |
| APM peak | 85 |
| eAPM avg | 21.1 |
| Villagers / military | 106 / 155 |
Focus
⚔️ 42.5% · 🌾 57.5%
Knight ×74 · Scout Cavalry ×39 · Skirmisher ×30 · Spearman ×9 · Militia ×3
Match map
Initial resources + every placement click. Lines = walls · curves = elevation contours. ◆ gold · ⬟ stone · ● berries · ✦ relic · ◌ wall gap
Your base· Open — 11t gap
W4 Vipor's base· Open — unwalled flank
Smoothed initial terrain · ◌ = detected wall gap · hover for details
Inputs per minute
— THL - - W4 Vipor
Build order — THL
First 150 of 303 actions detected
| 0:00 | Queue | Villager (Male) |
| 0:01 | Queue | Villager (Male) |
| 0:01 | Queue | Villager (Male) |
| 0:02 | Build | House |
| 0:03 | Build | House |
| 0:11 | Queue | Villager (Male) |
| 1:24 | Queue | Villager (Male) |
| 1:24 | Queue | Villager (Male) |
| 1:59 | Queue | Villager (Male) |
| 1:59 | Queue | Villager (Male) |
| 2:10 | Build | Lumber Camp |
| 2:20 | Queue | Villager (Male) |
| 2:41 | Queue | Villager (Male) |
| 3:17 | Queue | Villager (Male) |
| 3:20 | Queue | Villager (Male) |
| 3:43 | Build | House |
| 4:07 | Queue | Villager (Male) |
| 4:07 | Queue | Villager (Male) |
| 4:07 | Queue | Villager (Male) |
| 4:37 | Queue | Villager (Male) |
| 5:05 | Build | Mill |
| 5:21 | Queue | Villager (Male) |
| 5:25 | Queue | Villager (Male) |
| 5:26 | Research | Loom |
| 5:26 | Research | Loom |
| 6:48 | Research | Feudal Age |
| 7:24 | Build | House |
| 7:31 | Build | Barracks |
| 7:43 | Build | Barracks |
| 8:11 | Build | Palisade Wall |
| 8:22 | Build | House |
| 8:24 | Build | Palisade Wall |
| 8:40 | Build | Palisade Wall |
| 8:43 | Build | Palisade Wall |
| 8:45 | Build | Palisade Wall |
| 8:46 | Build | Palisade Wall |
| 8:47 | Build | Palisade Wall |
| 8:51 | Build | Palisade Wall |
| 8:52 | Build | Palisade Wall |
| 8:58 | Age | Feudal Age |
| 9:01 | Queue | Villager (Male) |
| 9:03 | Build | Stable |
| 9:06 | Build | Palisade Wall |
| 9:19 | Build | Palisade Wall |
| 9:21 | Build | Palisade Wall |
| 9:28 | Queue | Villager (Male) |
| 9:38 | Build | House |
| 9:42 | Queue | Scout Cavalry |
| 9:42 | Queue | Scout Cavalry |
| 9:45 | Queue | Villager (Male) |
| 9:47 | Research | Double-Bit Axe |
| 10:08 | Queue | Villager (Male) |
| 10:19 | Build | Farm |
| 10:39 | Build | Watch Tower |
| 10:53 | Queue | Scout Cavalry |
| 11:21 | Queue | Villager (Male) |
| 11:23 | Build | Farm |
| 11:24 | Build | Farm |
| 11:30 | Build | Farm |
| 11:39 | Build | Farm |
| 11:43 | Build | Farm |
| 11:44 | Build | Farm |
| 12:06 | Queue | Villager (Male) |
| 12:07 | Build | Farm |
| 12:27 | Queue | Villager (Male) |
| 13:05 | Queue | Villager (Male) |
| 13:16 | Build | Farm |
| 13:19 | Build | Archery Range |
| 13:34 | Queue | Villager (Male) |
| 13:57 | Build | Farm |
| 14:02 | Queue | Villager (Male) |
| 14:03 | Queue | Skirmisher |
| 14:03 | Queue | Skirmisher |
| 14:04 | Queue | Skirmisher |
| 14:04 | Queue | Skirmisher |
| 14:24 | Queue | Villager (Male) |
| 14:39 | Queue | Villager (Male) |
| 14:46 | Queue | Scout Cavalry |
| 15:02 | Build | House |
| 15:17 | Queue | Scout Cavalry |
| 15:20 | Queue | Villager (Male) |
| 15:24 | Build | House |
| 15:26 | Build | House |
| 15:37 | Build | Farm |
| 15:38 | Build | Farm |
| 15:42 | Queue | Skirmisher |
| 15:51 | Queue | Scout Cavalry |
| 16:00 | Build | Farm |
| 16:29 | Queue | Villager (Male) |
| 16:29 | Queue | Villager (Male) |
| 17:38 | Queue | Villager (Male) |
| 17:38 | Queue | Villager (Male) |
| 18:09 | Queue | Villager (Male) |
| 18:11 | Build | Mining Camp |
| 18:30 | Build | Palisade Wall |
| 19:01 | Build | House |
| 19:02 | Build | Palisade Wall |
| 19:05 | Queue | Villager (Male) |
| 19:09 | Build | House |
| 19:24 | Queue | Villager (Male) |
| 19:50 | Queue | Villager (Male) |
| 19:50 | Queue | Villager (Male) |
| 19:53 | Build | Market |
| 20:49 | Research | Castle Age |
| 20:49 | Research | Castle Age |
| 20:52 | Build | House |
| 20:57 | Build | Palisade Wall |
| 20:59 | Build | Palisade Wall |
| 21:02 | Queue | Skirmisher |
| 21:10 | Build | Farm |
| 21:11 | Build | Farm |
| 21:19 | Build | House |
| 21:22 | Build | Archery Range |
| 21:24 | Build | Palisade Wall |
| 21:29 | Build | Lumber Camp |
| 21:45 | Research | Bloodlines |
| 22:09 | Research | Gold Mining |
| 22:34 | Build | Palisade Wall |
| 22:34 | Build | Palisade Wall |
| 22:53 | Build | Blacksmith |
| 23:14 | Build | Farm |
| 23:29 | Age | Castle Age |
| 23:41 | Build | Siege Workshop |
| 23:44 | Queue | Villager (Male) |
| 23:45 | Queue | Cavalry Archer |
| 23:45 | Queue | Cavalry Archer |
| 23:46 | Queue | Cavalry Archer |
| 23:46 | Queue | Cavalry Archer |
| 23:58 | Queue | Villager (Male) |
| 24:09 | Research | Fletching |
| 24:11 | Queue | Villager (Male) |
| 24:21 | Queue | Cavalry Archer |
| 24:21 | Queue | Cavalry Archer |
| 24:27 | Queue | Skirmisher |
| 24:31 | Queue | Battering Ram |
| 24:36 | Queue | Villager (Male) |
| 24:50 | Queue | Cavalry Archer |
| 24:50 | Queue | Cavalry Archer |
| 25:20 | Research | Bodkin Arrow |
| 25:38 | Research | Padded Archer Armor |
| 25:39 | Research | Padded Archer Armor |
| 25:39 | Queue | Cavalry Archer |
| 25:39 | Queue | Cavalry Archer |
| 26:11 | Queue | Cavalry Archer |
| 26:11 | Queue | Cavalry Archer |
| 26:15 | Build | Farm |
| 26:16 | Build | Farm |
| 26:19 | Research | Husbandry |
| 26:20 | Queue | Villager (Male) |
| 26:25 | Queue | Villager (Male) |
Build order — W4 Vipor
First 150 of 336 actions detected
| 0:01 | Queue | Villager (Male) |
| 0:01 | Queue | Villager (Male) |
| 0:01 | Queue | Villager (Male) |
| 0:03 | Build | House |
| 0:06 | Build | House |
| 0:31 | Queue | Villager (Male) |
| 1:24 | Queue | Villager (Male) |
| 1:48 | Build | House |
| 2:05 | Queue | Villager (Male) |
| 2:14 | Build | Lumber Camp |
| 2:22 | Queue | Villager (Male) |
| 2:57 | Queue | Villager (Male) |
| 2:58 | Queue | Villager (Male) |
| 3:16 | Queue | Villager (Male) |
| 3:45 | Queue | Villager (Male) |
| 4:11 | Queue | Villager (Male) |
| 4:23 | Build | House |
| 4:31 | Queue | Villager (Male) |
| 4:31 | Queue | Villager (Male) |
| 4:52 | Build | Mill |
| 5:01 | Queue | Villager (Male) |
| 5:03 | Queue | Villager (Male) |
| 5:04 | Queue | Villager (Male) |
| 5:11 | Queue | Villager (Male) |
| 6:29 | Build | Barracks |
| 6:32 | Queue | Villager (Male) |
| 7:03 | Queue | Villager (Male) |
| 7:06 | Research | Loom |
| 7:42 | Build | Mining Camp |
| 7:43 | Research | Feudal Age |
| 7:50 | Queue | Militia |
| 8:07 | Queue | Militia |
| 8:20 | Build | House |
| 8:30 | Queue | Militia |
| 9:24 | Build | Palisade Wall |
| 9:26 | Build | Palisade Wall |
| 9:30 | Build | Palisade Wall |
| 9:31 | Build | Palisade Wall |
| 9:32 | Build | Palisade Wall |
| 9:32 | Build | Palisade Wall |
| 9:38 | Build | Palisade Wall |
| 9:40 | Build | Palisade Wall |
| 9:40 | Build | Palisade Wall |
| 9:41 | Build | Palisade Wall |
| 10:08 | Age | Feudal Age |
| 10:13 | Queue | Spearman |
| 10:13 | Queue | Spearman |
| 10:14 | Queue | Villager (Male) |
| 10:15 | Queue | Villager (Male) |
| 10:31 | Build | Watch Tower |
| 10:38 | Queue | Villager (Male) |
| 10:41 | Research | Horse Collar |
| 10:51 | Queue | Villager (Male) |
| 11:26 | Queue | Spearman |
| 11:26 | Queue | Spearman |
| 11:28 | Queue | Villager (Male) |
| 11:28 | Queue | Villager (Male) |
| 11:42 | Queue | Villager (Male) |
| 11:46 | Build | Farm |
| 11:47 | Build | Farm |
| 11:48 | Build | Farm |
| 12:05 | Queue | Villager (Male) |
| 12:36 | Research | Double-Bit Axe |
| 12:39 | Build | Farm |
| 12:58 | Build | House |
| 13:12 | Queue | Villager (Male) |
| 13:19 | Queue | Villager (Male) |
| 13:49 | Build | House |
| 14:03 | Build | Stable |
| 14:05 | Queue | Spearman |
| 14:11 | Queue | Villager (Male) |
| 14:16 | Build | Farm |
| 14:23 | Queue | Villager (Male) |
| 14:30 | Build | Palisade Wall |
| 14:32 | Build | Palisade Wall |
| 14:42 | Build | Farm |
| 14:43 | Queue | Villager (Male) |
| 14:59 | Build | Farm |
| 15:00 | Build | Farm |
| 15:16 | Build | Farm |
| 15:17 | Build | Farm |
| 15:41 | Queue | Scout Cavalry |
| 15:41 | Queue | Scout Cavalry |
| 15:44 | Queue | Villager (Male) |
| 16:19 | Build | Watch Tower |
| 16:24 | Queue | Villager (Male) |
| 16:26 | Build | Farm |
| 16:27 | Build | Mill |
| 16:28 | Build | Farm |
| 16:30 | Queue | Scout Cavalry |
| 16:30 | Queue | Scout Cavalry |
| 16:38 | Build | Palisade Wall |
| 16:48 | Build | Palisade Wall |
| 16:51 | Build | Palisade Wall |
| 16:52 | Build | Palisade Wall |
| 16:54 | Build | Palisade Wall |
| 16:59 | Build | House |
| 17:14 | Queue | Villager (Male) |
| 17:15 | Queue | Villager (Male) |
| 17:16 | Queue | Scout Cavalry |
| 17:16 | Queue | Scout Cavalry |
| 17:32 | Queue | Villager (Male) |
| 17:34 | Build | Farm |
| 17:38 | Build | Farm |
| 17:45 | Build | Farm |
| 17:47 | Build | Farm |
| 17:47 | Build | Farm |
| 17:51 | Build | Farm |
| 17:52 | Build | Farm |
| 18:12 | Build | Farm |
| 18:13 | Queue | Scout Cavalry |
| 18:14 | Queue | Scout Cavalry |
| 18:29 | Queue | Villager (Male) |
| 18:31 | Queue | Villager (Male) |
| 18:33 | Queue | Scout Cavalry |
| 18:33 | Queue | Scout Cavalry |
| 18:46 | Build | Farm |
| 18:53 | Build | Lumber Camp |
| 19:02 | Build | Watch Tower |
| 19:10 | Queue | Villager (Male) |
| 19:11 | Queue | Scout Cavalry |
| 19:22 | Queue | Villager (Male) |
| 19:33 | Research | Bloodlines |
| 19:33 | Research | Bloodlines |
| 20:08 | Queue | Villager (Male) |
| 20:10 | Queue | Scout Cavalry |
| 20:10 | Queue | Villager (Male) |
| 20:46 | Build | Stable |
| 20:48 | Queue | Villager (Male) |
| 20:57 | Build | Blacksmith |
| 21:18 | Queue | Villager (Male) |
| 21:23 | Research | Forging |
| 21:30 | Build | Mining Camp |
| 21:33 | Build | House |
| 21:35 | Build | Palisade Wall |
| 21:41 | Build | Palisade Wall |
| 21:45 | Research | Wheelbarrow |
| 21:46 | Queue | Scout Cavalry |
| 21:46 | Queue | Scout Cavalry |
| 21:48 | Queue | Scout Cavalry |
| 21:48 | Queue | Scout Cavalry |
| 21:51 | Build | House |
| 21:53 | Build | House |
| 22:12 | Queue | Scout Cavalry |
| 22:13 | Queue | Scout Cavalry |
| 22:14 | Queue | Spearman |
| 22:32 | Build | House |
| 22:35 | Build | House |
| 22:40 | Queue | Villager (Male) |
| 22:51 | Queue | Villager (Male) |
Match timeline
| 6:29 | W4 Vipor · first_building Barracks |
| 7:31 | THL · first_building Barracks |
| 8:11 | THL · wall_segment Palisade Wall x1 |
| 8:24 | THL · wall_segment Palisade Wall x1 |
| 8:40 | THL · wall_segment Palisade Wall x1 |
| 8:43 | THL · wall_segment Palisade Wall x1 |
| 8:45 | THL · wall_segment Palisade Wall x1 |
| 8:46 | THL · wall_segment Palisade Wall x1 |
| 8:47 | THL · wall_segment Palisade Wall x1 |
| 8:51 | THL · wall_segment Palisade Wall x1 |
| 8:52 | THL · wall_segment Palisade Wall x1 |
| 8:58 | THL · age_up feudal |
| 9:03 | THL · first_building Stable |
| 9:06 | THL · wall_segment Palisade Wall x1 |
| 9:19 | THL · wall_segment Palisade Wall x1 |
| 9:21 | THL · wall_segment Palisade Wall x1 |
| 9:24 | W4 Vipor · wall_segment Palisade Wall x1 |
| 9:26 | W4 Vipor · wall_segment Palisade Wall x1 |
| 9:30 | W4 Vipor · wall_segment Palisade Wall x1 |
| 9:31 | W4 Vipor · wall_segment Palisade Wall x1 |
| 9:32 | W4 Vipor · wall_segment Palisade Wall x1 |
| 9:32 | W4 Vipor · wall_segment Palisade Wall x1 |
| 9:38 | W4 Vipor · wall_segment Palisade Wall x1 |
| 9:40 | W4 Vipor · wall_segment Palisade Wall x1 |
| 9:40 | W4 Vipor · wall_segment Palisade Wall x1 |
| 9:41 | W4 Vipor · wall_segment Palisade Wall x1 |
| 10:08 | W4 Vipor · age_up feudal |
| 13:19 | THL · first_building Archery Range |
| 14:03 | W4 Vipor · first_building Stable |
| 14:30 | W4 Vipor · wall_segment Palisade Wall x1 |
| 14:32 | W4 Vipor · wall_segment Palisade Wall x1 |
| 16:38 | W4 Vipor · wall_segment Palisade Wall x1 |
| 16:48 | W4 Vipor · wall_segment Palisade Wall x1 |
| 16:51 | W4 Vipor · wall_segment Palisade Wall x1 |
| 16:52 | W4 Vipor · wall_segment Palisade Wall x1 |
| 16:54 | W4 Vipor · wall_segment Palisade Wall x1 |
| 18:30 | THL · wall_segment Palisade Wall x1 |
| 19:02 | THL · wall_segment Palisade Wall x1 |
| 20:47 | THL · first_market_sell 100 food |
| 20:57 | THL · wall_segment Palisade Wall x7 |
| 20:59 | THL · wall_segment Palisade Wall x4 |
| 21:24 | THL · wall_segment Palisade Wall x1 |
| 21:35 | W4 Vipor · wall_segment Palisade Wall x1 |
| 21:41 | W4 Vipor · wall_segment Palisade Wall x1 |
| 22:34 | THL · wall_segment Palisade Wall x1 |
| 22:34 | THL · wall_segment Palisade Wall x1 |
| 23:29 | THL · age_up castle |
| 23:41 | THL · first_building Siege Workshop |
| 25:21 | W4 Vipor · first_market_buy 100 food |
| 26:25 | W4 Vipor · wall_segment Palisade Wall x1 |
| 28:19 | W4 Vipor · age_up castle |
| 28:33 | THL · first_market_buy 100 stone |
| 28:34 | W4 Vipor · first_building Castle |
| 34:00 | W4 Vipor · first_building Archery Range |
| 39:02 | THL · wall_segment Palisade Wall x1 |
| 41:14 | THL · resign |
[ AI ANALYSIS · 1 CREDIT ]
What really happened in this match?
Wolo.gg analyzes every decision: build order, eco, micro, common mistakes by bracket. Personalized analysis on WhatsApp or Discord in 30 seconds.
Civ guide
Magyars
Perfil
Jugador #21229104